 Dungeon Crawl Stone Soup version 0.21.1-1-g345015f (webtiles) character file.

177467 homeworkjunkie the Executioner (level 17, -2/158 HPs)
             Began as a Hill Orc Fighter on Feb 8, 2018.
             Was the Champion of Okawaru.
             Slain by Cigotuvi's Monster (11 damage)
             ... in a wizard's laboratory on Feb 9, 2018.
             The game lasted 01:20:09 (31403 turns).

homeworkjunkie the Executioner (Hill Orc Fighter)  Turns: 31403, Time: 01:20:09

Health: -2/158     AC: 51    Str: 23    XL:     17   Next: 85%
Magic:  25/25      EV: 10    Int: 12    God:    Okawaru [******]
Gold:   2369       SH:  0    Dex: 19    Spells: 16/16 levels left

rFire    . . .     SeeInvis +   R - +9 war axe (flame)
rCold    + . .     Gourm    .   S - +5 shield "Zilitsoti" {Int+4}
rNeg     . . .     Faith    .   c - +11 crystal plate armour of Limitation {Dex+6}
rPois    +         Spirit   .   L - +1 helmet {SInv}
rElec    .         Reflect  +   w - +2 cloak {rPois}
rCorr    .         Harm     .   y - +2 pair of gloves
MR       +....                  M - +2 pair of boots "Koahacuo" {+Inv rPois rC+}
Stlth    ..........             m - +2 amulet of reflection
HPRegen  0.36/turn              d - +6 ring of evasion
MPRegen  0.19/turn              e - +5 ring of protection

@: confused, constricted
A: no striking features
}: 1/15 runes: gossamer
a: Heroism, Finesse, Renounce Religion, Evoke Invisibility


You were in a wizard's laboratory.
You worshipped Okawaru.
Okawaru was exalted by your worship.
You were not hungry.

You visited 6 branches of the dungeon, and saw 30 of its levels.
You also visited: Labyrinth, Volcano and Wizlab.

You collected 4985 gold pieces.
You spent 2616 gold pieces at shops.

Inventory:

Hand Weapons
 R - a +9 war axe of flaming (weapon)
Armour
 c - the +11 crystal plate armour of Limitation (worn) {Dex+6}
   (Okawaru gifted it to you on level 13 of the Dungeon)

   It affects your dexterity (+6).
 w - a +2 cloak of poison resistance (worn)
 y - a +2 pair of gloves (worn)
 E - a scarf of resistance
 L - a +1 helmet of see invisible (worn)
 M - the +2 pair of boots "Koahacuo" (worn) {+Inv rPois rC+}
   (You found it on level 3 of the Lair of Beasts)

   It protects you from cold.
   It protects you from poison.
   It lets you turn invisible.
 S - the +5 shield "Zilitsoti" (worn) {Int+4}
   (You took it off Donald on level 3 of the Spider Nest)

   It affects your intelligence (+4).
Jewellery
 d - a +6 ring of evasion (left hand)
 e - a +5 ring of protection (right hand)
 j - an uncursed ring of protection from fire
 m - a +2 amulet of reflection (around neck)
Wands
 k - a wand of flame (33)
 r - a wand of enslavement (15)
 t - a wand of random effects (19)
 u - a wand of paralysis (12)
 v - a wand of acid (2)
 C - a wand of disintegration (16)
 H - a wand of polymorph (19)
 I - a wand of iceblast (3)
 O - a wand of clouds (5)
 Q - a wand of scattershot (8)
Scrolls
 g - 6 scrolls of immolation
 h - 8 scrolls of teleportation
 n - 4 scrolls of fear
 q - 5 scrolls of remove curse
 x - 4 scrolls of identify
 B - 2 scrolls of magic mapping
 F - 2 scrolls of fog
 J - 3 scrolls of holy word
 P - a scroll of blinking
Potions
 a - 2 potions of cancellation
 b - 3 potions of resistance
 i - 4 potions of mutation
 l - 3 potions of might
 o - 5 potions of curing
 p - 2 potions of flight
 s - 3 potions of ambrosia
 z - 4 potions of berserk rage
 D - 3 potions of brilliance
 N - a potion of haste
Comestibles
 f - 13 rations


   Skills:
 * Level 15.8 Fighting
 * Level 21.7 Axes
 * Level 12.7 Armour
 + Level 3.8 Dodging
 + Level 4.3 Stealth
 * Level 15.6 Shields
 + Level 0.7 Invocations
 * Level 11.0 Evocations


You had 16 spell levels left.
You didn't know any spells.

Dungeon Overview and Level Annotations

Branches:
Dungeon (15/15)            Temple (1/1) D:7            Lair (6/6) D:9
  Swamp (0/4) Lair:3       Spider (4/4) Lair:3        Slime (0/5) Lair:5
    Orc (2/2) D:9             Elf (2/3) Orc:2        Vaults (0/5) D:13
 Depths (0/5) D:15

Altars:
Ashenzari
Cheibriados
Dithmenos
Elyvilon
Fedhas
Gozag
Hepliaklqana
Kikubaaqudgha
Makhleb
Nemelex Xobeh
Okawaru
Qazlal
Ru
Sif Muna
Trog
Uskayaw
Vehumet
Wu Jian
Xom
Yredelemnul
Zin
The Shining One
Beogh
Jiyva

Shops:
D:6 =   D:12 %   Orc:1 (=   Orc:2 (*?!(%   Elf:1 *

Portals:
Trove: D:13 (give 5 potions of resistance)


Message History

* * * LOW HITPOINT WARNING * * *
Cigotuvi's Monster constricts you.
You feel better. Cigotuvi's Monster hits you!
* * * LOW HITPOINT WARNING * * *
You block Cigotuvi's Monster's attack. x2
* * * LOW HITPOINT WARNING * * *
Cigotuvi's Monster constricts you!
You are confused.
You feel invigorated. Cigotuvi's Monster closely misses you.
Cigotuvi's Monster tramples you but does no damage.
Cigotuvi's Monster stings you.
* * * LOW HITPOINT WARNING * * *
x2 Cigotuvi's Monster constricts you.
Evoke which item? (* to show all) (? for menu, Esc to quit)
You're too confused!
Cigotuvi's Monster's grasp on you weakens, but your attempt to escape fails.
Cigotuvi's Monster hits you but does no damage.
Cigotuvi's Monster tramples you but does no damage.
Cigotuvi's Monster stings you!
You die...

#### ### ###
##.::####.###
#### #∩#
#.....#.....#
#...###'##
#...........#
.....#...#
#..........#
....o#...#
#......H...#
....u#...#
#......@...#
######...#
#.....###'##
#.§####'##
##:.. #..#
.§.§##...#
### #..#
§§§uu#...#
##..#
..§uu#...#
##...#
..§.##...#
+...##
#..####'##
#...#
####.#...#
###'##
###..#...#


You could see Cigotuvi's Monster.

Vanquished Creatures
  Jorgrun (Spider:3)
  Arachne (Spider:3)
  Kirke (D:14)
  Roxanne (Spider:4)
  Donald (Spider:3)
  9 emperor scorpions
  4 ghost moths
  2 very ugly things (WizLab)
  2 entropy weavers
  A dire elephant (Lair:6)
  An ettin (Orc:1)
  Snorg (D:10)
  A minotaur (Lab)
  2 rakshasas
  4 hydras
  3 centaur warriors
  6 two-headed ogres
  A merfolk avatar (Lair:6)
  4 dancing weapons (Elf:1)
  5 orc high priests (Orc:2)
  A hell knight (Volcano)
  An iron golem (WizLab)
  4 deep elf knights
  A salamander mystic (Volcano)
  3 skeletal warriors (D:15)
  2 unseen horrors
  A wizard (D:14)
  A glowing orange brain (D:15)
  A swamp dragon (shapeshifter) (D:15)
  A sea snake (Lair:6)
  2 deep elf archers (Elf:1)
  A wolf spider zombie (D:14)
  7 orc knights
  2 large abominations (WizLab)
  14 orb spiders
  A harpy (shapeshifter) (WizLab)
  23 wolf spiders
  5 ugly things
  4 manticores
  5 salamanders (Volcano)
  3 moths of wrath
  4 cyclopes
  17 deep elf magi
  2 orc sorcerers
  4 black mambas
  2 guardian serpents (D:9)
  12 elephants
  Maurice (D:10)
  A centaur zombie (D:14)
  7 kobold demonologists (D:14)
  A torpor snail (Spider:3)
  2 gargoyles
  17 spiny frogs
  3 rime drakes (Lair:6)
  10 demonic crawlers
  11 komodo dragons
  A yaktaur (shapeshifter) (WizLab)
  2 yaktaurs (D:13)
  The ghost of tidbits the Digger, an amateur GnEE (D:5)
  2 trolls (shapeshifter)
  4 polar bears (Lair:6)
  3 meliai (D:15)
  The ghost of othur the Ducker, an amateur MiFi (D:4)
  14 jumping spiders
  2 hornets
  3 trolls
  A wind drake (Lair:6)
  5 blink frogs
  15 hippogriffs
  6 slime creatures (D:15)
  6 dream sheep (Lair:6)
  An air elemental (Elf:1)
  2 wraiths
  A vampire (D:12)
  49 redbacks
  31 tarantellas
  A shadow (D:11)
  4 basilisks
  10 wyverns
  A hog (shapeshifter) (D:15)
  A human (shapeshifter) (WizLab)
  2 water elementals (Elf:1)
  6 hogs
  A human (D:9)
  4 fire bats (Volcano)
  38 yaks
  4 vampire mosquitoes (D:13)
  4 hungry ghosts (Lab)
  The ghost of Frank the Shield-Bearer, an amateur OpFi (D:3)
  A warg (Orc:2)
  A soldier ant (D:11)
  2 swamp worms (Lair:3)
  7 water moccasins
  5 porcupines
  35 orc warriors
  An ice beast (D:6)
  3 sky beasts
  3 phantoms
  6 small abominations (WizLab)
  A necrophage (D:15)
  8 ogres
  A boggart (D:13)
  11 crocodiles
  An eye of draining (shapeshifter) (D:15)
  6 wolves (Lair:4)
  11 centaurs
  An elf zombie (D:10)
  9 big kobolds
  19 bullfrogs
  5 earth elementals
  2 scorpions
  2 wyvern skeletons
  13 killer bees (D:11)
  9 wights
  A howler monkey (shapeshifter) (D:15)
  4 electric eels
  6 howler monkeys
  4 lava snakes (Volcano)
  6 crimson imps
  A bullfrog zombie (D:10)
  9 hounds
  5 jellies
  30 orc priests
  4 bullfrog skeletons
  7 human zombies (D:10)
  7 iguanas
  4 centaur skeletons
  Terence (D:3)
  29 orc wizards
  Ijyb (D:3)
  8 worker ants
  2 hound skeletons
  3 mummies
  A worker ant zombie (D:5)
  Robin (D:3)
  13 adders
  A howler monkey skeleton (D:5)
  5 shadow imps
  An ooze (D:1)
  A worm (D:3)
  A dart slug (D:1)
  2 leopard geckos
  126 orcs
  4 ball pythons
  8 giant cockroaches
  14 goblins
  6 hobgoblins
  10 jackals
  3 quokkas
  6 bats
  10 frilled lizards
  14 kobolds
  A leopard gecko skeleton (D:6)
  An orc zombie (D:10)
  A quokka zombie (D:8)
  15 rats
  A fungus (Lair:3)
  3 plants
999 creatures vanquished.

Vanquished Creatures (others)
  A tarantella (Spider:4)
  A yak (Lair:6)
  An orc priest (Orc:2)
  2 fungi
  4 plants (Lair:6)
9 creatures vanquished.

Grand Total: 1008 creatures vanquished

Notes
Turn   | Place    | Note
-------+----------+-------------------------------------------
     0 | D:1      | homeworkjunkie the Hill Orc Fighter began the quest for the Orb.
     0 | D:1      | Reached XP level 1. HP: 19/19 MP: 1/1
   103 | D:2      | Noticed a crimson imp
   117 | D:2      | Killed a crimson imp
   117 | D:2      | Reached skill level 3 in Axes
   117 | D:2      | Reached XP level 2. HP: 22/27 MP: 2/2
   117 | D:2      | Reached XP level 3. HP: 27/33 MP: 3/3
   225 | D:3      | Found a bloodstained altar of Trog.
   333 | D:3      | Reached XP level 4. HP: 34/41 MP: 4/4
   417 | D:4      | Reached XP level 5. HP: 22/47 MP: 5/5
   447 | D:5      | Entered Level 5 of the Dungeon
   447 | D:5      | Noticed tidbits's ghost (amateur GnEE)
   470 | D:3      | Noticed Frank's ghost (amateur OpFi)
   486 | D:3      | Killed Frank's ghost
   486 | D:3      | Reached skill level 5 in Axes
   486 | D:3      | Reached XP level 6. HP: 18/53 MP: 6/6
   728 | D:3      | Noticed Terence
   738 | D:3      | Killed Terence
   880 | D:3      | Reached skill level 5 in Fighting
   942 | D:3      | Noticed Ijyb
   975 | D:3      | Killed Ijyb
  1390 | D:3      | Noticed Robin
  1408 | D:3      | Killed Robin
  1408 | D:3      | Reached skill level 5 in Armour
  1693 | D:2      | Noticed a moth of wrath
  1696 | D:2      | Found a bloodstained altar of Trog.
  1950 | D:2      | Found a white marble altar of Elyvilon.
  1950 | D:2      | Found a hazy altar of Hepliaklqana.
  2699 | D:1      | Reached XP level 7. HP: 61/61 MP: 7/7
  3123 | D:4      | Reached skill level 5 in Shields
  3137 | D:4      | Noticed othur's ghost (amateur MiFi)
  3160 | D:4      | Killed othur's ghost
  3160 | D:4      | Reached skill level 6 in Axes
  3160 | D:4      | Reached skill level 1 in Evocations
  3289 | D:5      | Found a shattered altar of Ashenzari.
  3468 | D:5      | Reached skill level 7 in Axes
  3589 | D:5      | Killed tidbits's ghost
  3589 | D:5      | Reached skill level 1 in Dodging
  3589 | D:5      | Reached XP level 8. HP: 56/69 MP: 9/9
  3795 | D:5      | Reached skill level 8 in Axes
  4088 | D:7      | Reached skill level 9 in Axes
  4278 | D:6      | Reached XP level 9. HP: 75/75 MP: 11/11
  4958 | D:4      | Reached skill level 10 in Axes
  5531 | D:6      | Found Kocett's Jewellery Shop.
  5914 | D:7      | Found a staircase to the Ecumenical Temple.
  5920 | Temple   | Entered the Ecumenical Temple
  6044 | Temple   | Became a worshipper of Warmaster Okawaru
  6404 | D:7      | Found a burning altar of Makhleb.
  6404 | D:7      | Noticed a green death
  6547 | D:8      | Found a roughly hewn altar of Beogh.
  6597 | D:8      | Reached skill level 11 in Axes
  6739 | D:9      | Found a staircase to the Lair.
  6750 | D:9      | Reached * piety under Okawaru
  6754 | D:9      | Reached XP level 10. HP: 70/84 MP: 12/12
  6955 | D:8      | Found a sparkling altar of Nemelex Xobeh.
  6985 | D:8      | Reached ** piety under Okawaru
  7215 | D:9      | Noticed a guardian serpent
  7255 | D:9      | Killed a guardian serpent
  7255 | D:9      | Reached skill level 12 in Axes
  7409 | D:10     | Entered Level 10 of the Dungeon
  7488 | D:9      | Found a staircase to the Orcish Mines.
  7638 | D:9      | Noticed a guardian serpent
  7657 | D:9      | Killed a guardian serpent
  7864 | D:10     | Noticed a two-headed ogre
  7880 | D:9      | Reached skill level 5 in Evocations
  7886 | D:9      | Reached *** piety under Okawaru
  7947 | D:10     | Noticed a two-headed ogre
  7949 | D:10     | Noticed Maurice
  7956 | D:10     | Killed Maurice
  7959 | D:10     | Killed a two-headed ogre
  7959 | D:10     | Reached skill level 13 in Axes
  7959 | D:10     | Reached XP level 11. HP: 72/95 MP: 13/15
  7963 | D:10     | Reached **** piety under Okawaru
  8751 | D:11     | Received a gift from Okawaru
  8931 | D:11     | Found a labyrinth entrance.
  8936 | Lab      | Entered a labyrinth
  8973 | Lab      | Reached ***** piety under Okawaru
  9839 | Lab      | Noticed a minotaur
  9874 | Lab      | Killed a minotaur
  9881 | Lab      | Identified the Incunabulum of Creative Talismans
 10379 | D:12     | Reached skill level 14 in Axes
 10420 | D:11     | Noticed a cyclops
 10431 | D:11     | Killed a cyclops
 10589 | D:10     | Received a gift from Okawaru
 10600 | D:10     | Killed a two-headed ogre
 10613 | D:10     | Reached skill level 10 in Shields
 10903 | D:10     | Found a basalt altar of Yredelemnul.
 11096 | D:10     | Reached XP level 12. HP: 104/104 MP: 16/16
 11248 | D:10     | Noticed Snorg
 11269 | D:10     | Killed Snorg
 11522 | D:11     | Noticed a five-headed hydra
 11536 | D:11     | Reached skill level 1 in Stealth
 11537 | D:11     | Killed a 14-headed hydra
 11696 | D:11     | Noticed a two-headed ogre
 11710 | D:11     | Killed a two-headed ogre
 11759 | D:11     | Reached skill level 15 in Axes
 11818 | D:11     | Noticed a two-headed ogre
 11828 | D:11     | Killed a two-headed ogre
 12426 | D:13     | Received a gift from Okawaru
 12529 | D:13     | Found a portal to a secret trove of treasure.
 12620 | D:13     | Reached skill level 10 in Fighting
 13083 | D:12     | Received a gift from Okawaru
 13555 | D:12     | Found Xianivume's Food Emporium.
 13771 | D:12     | Reached XP level 13. HP: 113/113 MP: 18/18
 14138 | D:12     | Reached skill level 16 in Axes
 14620 | D:13     | Received a gift from Okawaru
 14692 | D:13     | Got a heavily runed crystal plate armour {god gift}
 14780 | D:13     | Identified the +11 crystal plate armour of Limitation {Dex+6} (Okawaru gifted it to you on level 13 of the Dungeon)
 14919 | D:13     | Found a gate to the Vaults.
 15059 | D:14     | Paralysed by a wizard for 4 turns
 15153 | D:14     | Noticed Kirke
 15354 | D:14     | Killed Kirke
 15354 | D:14     | Reached skill level 17 in Axes
 15716 | D:14     | Noticed a rakshasa
 15752 | D:14     | Killed a rakshasa
 15833 | D:15     | Entered Level 15 of the Dungeon
 15970 | D:15     | Reached skill level 18 in Axes
 16009 | D:15     | Reached XP level 14. HP: 116/125 MP: 19/19
 16154 | D:15     | Reached ****** piety under Okawaru
 16296 | D:15     | Received a gift from Okawaru
 17043 | D:15     | Found a staircase to the Depths.
 17186 | D:15     | Reached skill level 10 in Armour
 17519 | Orc:1    | Entered Level 1 of the Orcish Mines
 17525 | Orc:1    | Found Qyekk's Jewellery Boutique.
 17552 | Orc:2    | Entered Level 2 of the Orcish Mines
 17552 | Orc:2    | Found Puebyp's Antique Weapon Shop.
 17552 | Orc:2    | Found Xuzo's Assorted Antiques.
 17583 | Orc:2    | Bought a long runed staff for 372 gold pieces
 17583 | Orc:2    | Bought a scroll labeled XAMPOI SUOQ for 31 gold pieces
 17583 | Orc:2    | Bought a scroll of immolation for 108 gold pieces
 17583 | Orc:2    | Bought a scroll of enchant weapon for 232 gold pieces
 17583 | Orc:2    | Bought a potion of might for 124 gold pieces
 17621 | Orc:2    | Found a radiant altar of Vehumet.
 17694 | Orc:2    | Found a staircase to the Elven Halls.
 17813 | Orc:2    | Found a dark tunnel.
 17821 | Volcano  | Entered a volcano
 18065 | Volcano  | Reached skill level 19 in Axes
 18084 | Volcano  | Found a bloodstained altar of Trog.
 18236 | Orc:1    | Found Mugg's Antique Weapon Emporium.
 19256 | Orc:2    | Received a gift from Okawaru
 20165 | Orc:2    | Found Iggymn's Magic Scroll Shop.
 20168 | Orc:2    | Found Cude's Food Shop.
 20169 | Orc:2    | Found Zialesh's Distillery.
 20170 | Orc:2    | Found Loheyf's Antique Weapon Boutique.
 20175 | Orc:2    | Bought a potion of heal wounds for 70 gold pieces
 20176 | Orc:2    | Bought a ration for 60 gold pieces
 20176 | Orc:2    | Bought a ration for 60 gold pieces
 20179 | Orc:2    | Bought a scroll of acquirement for 780 gold pieces
 20179 | Orc:2    | Bought a scroll of brand weapon for 300 gold pieces
 20181 | Orc:2    | Bought a scroll of identify for 30 gold pieces
 20181 | Orc:2    | Bought a scroll of enchant weapon for 112 gold pieces
 20181 | Orc:2    | Bought a scroll of teleportation for 45 gold pieces
 20181 | Orc:2    | Bought a scroll of teleportation for 45 gold pieces
 20602 | Lair:1   | Entered Level 1 of the Lair of Beasts
 20854 | Lair:1   | Reached XP level 15. HP: 134/134 MP: 21/21
 21520 | Lair:2   | Received a gift from Okawaru
 21520 | Lair:2   | Reached skill level 20 in Axes
 22331 | Lair:3   | Got a pair of slimy boots
 22342 | Lair:3   | Identified the +2 pair of boots "Koahacuo" {+Inv rPois rC+} (You found it on level 3 of the Lair of Beasts)
 22504 | Lair:3   | Found a hole to the Spider Nest.
 22747 | Lair:3   | Found a staircase to the Swamp.
 23505 | Lair:6   | Entered Level 6 of the Lair of Beasts
 24676 | Lair:5   | Found a viscous altar of Jiyva.
 24676 | Lair:5   | Found a staircase to the Slime Pits.
 25069 | Lair:6   | Received a gift from Okawaru
 25508 | Lair:6   | Reached XP level 16. HP: 127/146 MP: 23/23
 25811 | Spider:1 | Entered Level 1 of the Spider Nest
 25922 | Spider:1 | Received a gift from Okawaru
 27331 | Spider:3 | Received a gift from Okawaru
 27357 | Spider:3 | Reached skill level 10 in Evocations
 27940 | Spider:2 | Reached skill level 21 in Axes
 28354 | Spider:3 | Noticed Arachne
 28375 | Spider:3 | Killed Arachne
 28615 | Spider:3 | Noticed Donald
 28645 | Spider:3 | Killed Donald
 28645 | Spider:3 | Received a gift from Okawaru
 28647 | Spider:3 | Got a warped shield {Donald}
 28659 | Spider:3 | Identified the +5 shield "Zilitsoti" {Int+4} (You took it off Donald on level 3 of the Spider Nest)
 28825 | Spider:4 | Entered Level 4 of the Spider Nest
 28921 | Spider:3 | Noticed Jorgrun
 28936 | Spider:3 | Killed Jorgrun
 28936 | Spider:3 | Reached skill level 15 in Fighting
 29472 | Spider:4 | Noticed Roxanne
 29484 | Spider:4 | Reached XP level 17. HP: 15/156 MP: 24/24
 29495 | Spider:4 | Killed Roxanne
 30064 | Spider:4 | Reached skill level 15 in Shields
 30089 | Spider:4 | Received a gift from Okawaru
 30201 | Spider:4 | Identified a +2 pair of boots of running (Okawaru gifted it to you on level 4 of the Spider Nest)
 30337 | Spider:4 | Got a gossamer rune of Zot
 30657 | Elf:1    | Entered Level 1 of the Elven Halls
 30676 | Elf:1    | Found a radiant altar of Vehumet.
 30811 | Elf:1    | Found Affy's Assorted Antiques.
 30815 | Elf:1    | Bought a scroll of enchant armour for 247 gold pieces
 30947 | Elf:2    | Found a magical portal.
 30952 | WizLab   | Entered Cigotuvi's Fleshworks
 31378 | WizLab   | Noticed Cigotuvi's Monster
 31401 | WizLab   | HP: 5/158 [Cigotuvi's Monster (7)]
 31403 | WizLab   | Slain by Cigotuvi's Monster

Skill      XL: |  1  2  3  4  5  6  7  8  9 10 11 12 13 14 15 16 17 |
---------------+----------------------------------------------------+-----
Fighting       | 4 5 6 8 9 10 11 12 14 15 | 15.8
Axes           | 3 5 7 9 11 13 14 15 18 19 20 21 | 21.7
Armour         | 4 5 6 7 8 9 10 11 12 | 12.7
Shields        | 4 5 6 7 9 10 11 12 14 15 | 15.6
Evocations     | 2 3 5 6 7 8 9 10 11 | 11.0
Dodging        | 1 2 3 |  3.8
Stealth        | 2 3 4 |  4.3
Invocations    | |  0.7

Action                   |  1- 3 |  4- 6 |  7- 9 | 10-12 | 13-15 | 16-18 || total
-------------------------+-------+-------+-------+-------+-------+-------++-------
Melee: War axe           |    39 |   250 |   463 |   861 |   540 |   769 ||  2922
       Battleaxe         |       |       |       |    24 |   757 |       ||   781
       Executioner's axe |       |       |       |     9 |       |       ||     9
       Unarmed           |       |       |       |       |     3 |       ||     3
Invok: Finesse           |       |       |       |     1 |     1 |       ||     2
       Heroism           |       |       |       |     1 |       |       ||     1
 Abil: Evoke Invisibilit |       |       |       |       |     1 |       ||     1
Evoke: Wand              |       |     1 |     7 |    19 |    31 |    15 ||    73
  Use: Scroll            |     2 |     5 |     7 |    11 |    20 |     9 ||    54
       Potion            |       |     4 |     3 |     4 |     6 |    13 ||    30
 Stab: Paralysed         |       |       |       |    10 |     5 |     3 ||    18
       Sleeping          |       |       |       |     2 |       |       ||     2
       Invisible         |       |       |       |       |    46 |    17 ||    63
  Eat: Ration            |       |     2 |     4 |    10 |    12 |     5 ||    33
Armor: Scale mail        |    13 |    68 |       |       |       |       ||    81
       Ring mail         |       |    48 |    94 |   223 |    32 |       ||   397
       Crystal plate arm |       |       |       |       |   637 |   413 ||  1050
Dodge: Dodged            |    12 |   146 |   179 |   470 |   601 |   293 ||  1701
Block: Shield            |    16 |   144 |   242 |   566 |   365 |   736 ||  2069
       Reflection        |       |     5 |     3 |     8 |     2 |     7 ||    25
       Other             |       |       |       |     4 |    51 |       ||    55
